[Event "Late-Titled-Tuesday-Blitz-April-16-2024"]
[Site "Chess.com"]
[Date "2024.04.16"]
[Round "7"]
[White "Glidzhian_Gor"]
[Black "Chempiblinka"]
[Result "0-1"]
[WhiteElo "2556"]
[BlackElo "2370"]
[TimeControl "180+1"]
[EndTime "15:15:03 PDT"]
[Termination "Chempiblinka won on time"]

1. e4 c5 2. d4 cxd4 3. c3 Nf6 4. e5 Nd5 5. Nf3 d6 6. cxd4 dxe5 7. dxe5 Nc6 8. Bd3 g6 9. O-O Bg7 10. Qe2 O-O 11.
h3 Ndb4 12. Bc4 Bf5 13. Rd1 Qc7 14. Bf4 Rad8 15. Nc3 Nc2 16. Nd5 Rxd5 17. Bxd5 Nxa1 18. Rxa1 h5 19. Rd1 e6 20. Be4 Bxe4 21. Qxe4 Rd8 22. Rd6 Qb6 23. b3 Ne7 24. Bg5 Rxd6 25. exd6 Qxd6 26. Qxb7 Nf5 27. Qxa7 Qd1+ 28. Kh2 Qc2 29. g3 Qe4 30. Qb8+ Kh7 31. Qf4 Qc2 32. Qd2 Qe4 33. Qf4 Qc2 34. Qd2 Qc5 35. Be3 Nxe3 36. Qxe3 Qc2 37.
Ng5+ Kg8 38. Qf4 f6 39. Nxe6 Qxa2 40. Qb8+ Kh7 41. Qf4 Qa7 0-1

[Event "Late-Titled-Tuesday-Blitz-April-16-2024"]
[Site "Chess.com"]
[Date "2024.04.16"]
[Round "7"]
[White "lamomiajunior"]
[Black "N_Mullodzhanov"]
[Result "1-0"]
[WhiteElo "2735"]
[BlackElo "2545"]
[TimeControl "180+1"]
[EndTime "15:15:05 PDT"]
[Termination "lamomiajunior won by checkmate"]

1. d4 Nf6 2. c4 g6 3. Nc3 Bg7 4. e4 d6 5. h3 O-O 6. Be3 e5 7. d5 Na6 8. g4 Nc5 9. f3 a5 10. Qd2 c6 11. Nge2 a4 12. Ng3 h5 13. Bg5 h4 14. Nge2 Re8 15. Nc1 Bd7 16. Nd3 Nxd3+ 17.
Bxd3 cxd5 18. Nxd5 Rc8 19. O-O Be6 20. Kh1 Rc5 21. b4 axb3 22. axb3 Bxd5 23. exd5 Qd7 24.
Rae1 Qd8 25. Qf2 Qb6 26. Qxh4 Nh7 27. Be3 Qxb3 28. Bxc5 dxc5 29. Rd1 b5 30. d6 Bf6 31. Qf2 bxc4 32. Bc2 Qb5 33. h4 Nf8 34. g5 Bg7 35. Be4 Rd8 36. Rb1 Qd7 37. Rfd1 Ne6 38. Rb7 Qc8 39.
d7 Qa8 40. Qb2 Nd4 41. Qb6 Bf8 42. Ra7 Qb8 43. Rb7 Qa8 44. Rb1 c3 45. Ra7 Qb8 46. Qxb8 Rxb8 47. Rxb8 c2 48. Bxc2 Nxc2 49. Rxf8+ Kxf8 50. d8=Q+ Kg7 51. Qf6+ Kh7 52. Ra8 Nd4 53. Rh8# 1-0

[Event "Late-Titled-Tuesday-Blitz-April-16-2024"]
[Site "Chess.com"]
[Date "2024.04.16"]
[Round "7"]
[White "ChessSwole"]
[Black "kleber2007"]
[Result "1-0"]
[WhiteElo "2678"]
[BlackElo "2528"]
[TimeControl "180+1"]
[EndTime "15:15:06 PDT"]
[Termination "ChessSwole won by resignation"]

1. d4 Nf6 2. c4 g6 3. g3 c6 4. Bg2 d5 5. cxd5 cxd5 6. Nc3 Bg7 7. Nf3 O-O 8. O-O Ne4 9. Ng5 Nxc3 10. bxc3 Nc6 11.
e4 dxe4 12. Nxe4 e5 13. d5 Na5 14. Ba3 Nc4 15. Bxf8 Qxf8 16. Qb3 Na5 17. Qb4 b6 18. Qxf8+ Bxf8 19. Rfd1 Ba6 20. d6 Rd8 21. d7 Be7 22. a4 f5 23. Nd6 Rxd7 24. Nb5 Bxb5 25. axb5 Rc7 26. Bd5+ Kg7 27. c4 Kf6 28. Kg2 Bc5 29. f3 Re7 30. Ra2 Nb3 31. h4 Bd4 32. Ra6 Nc5 33. Ra3 h6 34. Rd2 g5 35. hxg5+ hxg5 36.
Rda2 e4 37. fxe4 fxe4 38. Rxa7 Rxa7 39. Rxa7 Kf5 40. Rf7+ Ke5 41. Re7+ Kf5 42. Bc6 e3 43. Kf3 g4+ 44. Ke2 Nb3 45. Bd7+ Kf6 46. Re4 Bc5 47. Bxg4 Nc1+ 48. Kd1 Nd3 49. Re6+ Kg5 50. Bf3 Nb2+ 51.
Ke2 Nxc4 52. Re4 Na3 53. Re5+ Kf6 54. Rxc5 bxc5 55. b6 Nc2 56. b7 Nd4+ 57. Kxe3 1-0

[Event "Late-Titled-Tuesday-Blitz-April-16-2024"]
[Site "Chess.com"]
[Date "2024.04.16"]
[Round "7"]
[White "martinmena"]
[Black "SilverCityIndigo"]
[Result "0-1"]
[WhiteElo "2186"]
[BlackElo "2424"]
[TimeControl "180+1"]
[EndTime "15:15:06 PDT"]
[Termination "SilverCityIndigo won by resignation"]

1. c4 e5 2. g3 Nc6 3. Bg2 Nf6 4. Nc3 Bb4 5. e4 Bxc3 6. bxc3 O-O 7. Ne2 b6 8. O-O Ba6 9. d3 d6 10. h3 Re8 11. Bg5 h6 12. Be3 Na5 13. Qd2 c6 14. g4 d5 15. exd5 cxd5 16. cxd5 e4 17. Bxh6 gxh6 18. Qxh6 Nh7 19. Bxe4 Rxe4 20. dxe4 Bxe2 21.
Rfe1 Bf3 22. Re3 Qg5 23. Qxg5+ Nxg5 24. h4 Nc4 25. hxg5 Nxe3 26. fxe3 Bxe4 27. Rd1 Rd8 28. d6 Bf3 29. Rd4 Kg7 30. Kf2 Bc6 31. e4 Kg6 32.
Kg3 Kxg5 33. e5 Re8 34. c4 Bd7 35. Rd5 Be6 36. Rd4 Rc8 37. d7 Rd8 38. Rd6 Rxd7 39. Rc6 Rd3+ 40. Kf2 Kxg4 41. Rc7 Ra3 42. c5 Rxa2+ 43.
Ke3 bxc5 44. Rxc5 a5 45. Rb5 Kf5 46. Rc5 a4 47. Ra5 a3 48. Kd3 Ra1 49. Kc3 a2 50. Kb2 Rb1+ 51. Kc2 a1=Q 52. Rxa1 Rxa1 0-1

[Event "Late-Titled-Tuesday-Blitz-April-16-2024"]
[Site "Chess.com"]
[Date "2024.04.16"]
[Round "7"]
[White "FabianoCaruana"]
[Black "Mikhail_Bryakin"]
[Result "1/2-1/2"]
[WhiteElo "3077"]
[BlackElo "2888"]
[TimeControl "180+1"]
[EndTime "15:15:07 PDT"]
[Termination "Game drawn - insufficient material"]

1. e4 c6 2. Nc3 d5 3. Nf3 Nf6 4.
e5 Ne4 5. Ne2 Qb6 6. d4 h6 7. Ng3 Nxg3 8. hxg3 Bf5 9. Bd3 Bxd3 10. Qxd3 e6 11. g4 c5 12. g5 Nc6 13. g6 Be7 14. dxc5 Qxc5 15. gxf7+ Kxf7 16. c3 Qc4 17. Qxc4 dxc4 18. Be3 b5 19. Ke2 Rhd8 20. Rad1 Rxd1 21. Rxd1 Rd8 22. Rh1 Rd5 23. Rh5 a5 24. g4 b4 25.
Bf4 Rd3 26. Ne1 Rd5 27. Nc2 bxc3 28. bxc3 Bc5 29. Be3 Bxe3 30. Nxe3 Rxe5 31. Rxe5 Nxe5 32. f4 Nd3 33. Nxc4 Nxf4+ 34. Kd2 a4 35. Nb6 a3 36. Nc4 g6 37. Nxa3 h5 38. gxh5 gxh5 39. Nc4 h4 40. Ke3 h3 41. Ne5+ Ke8 42. Nf3 Nd5+ 43. Kd4 Kd7 44. a4 Kc6 45. c4 Nf4 46. a5 Ng6 47. Ke4 e5 48. Nh2 Kc5 49. Kf5 Ne7+ 50. Kxe5 Nc6+ 51. Kf4 Nxa5 52. Kg3 Nxc4 53. Kxh3 1/2-1/2

[Event "Late-Titled-Tuesday-Blitz-April-16-2024"]
[Site "Chess.com"]
[Date "2024.04.16"]
[Round "7"]
[White "only_strong_moves"]
[Black "Anton_Demchenko"]
[Result "0-1"]
[WhiteElo "2673"]
[BlackElo "2960"]
[TimeControl "180+1"]
[EndTime "15:15:09 PDT"]
[Termination "Anton_Demchenko won by checkmate"]

1. Nc3 Nf6 2. e4 e5 3. Bc4 Nc6 4. d3 Bb4 5. Ne2 d5 6. exd5 Nxd5 7. O-O Be6 8. Ne4 Be7 9. Bb3 f5 10. N4c3 Qd7 11. Nxd5 Bxd5 12. Nc3 Bxb3 13. axb3 O-O 14.
Re1 Rad8 15. f3 Bc5+ 16. Kh1 a6 17. Be3 Bd6 18. Qd2 Qf7 19. f4 exf4 20. Bxf4 Bxf4 21. Qxf4 Nd4 22. Qf2 Qf6 23. Re3 f4 24. Re4 f3 25.
g3 Qc6 26. Rf1 Qd6 27. Rfe1 c5 28. Re7 b6 29. R7e3 h6 30. Ne4 Qd7 31. Nc3 Qh3 32. Ne4 Rf7 33. c3 Nxb3 34. Rxf3 Rxf3 35. Qxf3 Qd7 36.
Re3 Na5 37. Qe2 Nc6 38. Nf2 Qd5+ 39. Re4 Ne5 40. Kg1 Ng6 41. h4 Nf8 42. h5 Nh7 43. Nh3 Nf6 44. Nf4 Qg5 45. Re5 Qxg3+ 46. Ng2 Ng4 47.
Rf5 Qh2+ 48. Kf1 Qh1# 0-1

[Event "Late-Titled-Tuesday-Blitz-April-16-2024"]
[Site "Chess.com"]
[Date "2024.04.16"]
[Round "7"]
[White "giomar27"]
[Black "Alexei_Gubajdullin"]
[Result "0-1"]
[WhiteElo "2486"]
[BlackElo "2617"]
[TimeControl "180+1"]
[EndTime "15:15:09 PDT"]
[Termination "Alexei_Gubajdullin won by checkmate"]

1. e4 c5 2. Nf3 g6 3. h4 h6 4. h5 g5 5. Nc3 Bg7 6. Bc4 Nc6 7. d3 e6 8. Be3 Nd4 9. Bxd4 cxd4 10. Ne2 Qb6 11. Bb3 Ne7 12. O-O d6 13. c3 dxc3 14. bxc3 O-O 15. Nfd4 d5 16. exd5 Nxd5 17.
Bxd5 exd5 18. f4 Bg4 19. Kh1 Bxh5 20. Qd2 f6 21. Ng3 Bg6 22. Rab1 Qa6 23. f5 Bf7 24. Qb2 Qxd3 25. Rf3 Qa6 26. Qxb7 Qxb7 27. Rxb7 Rfb8 28. Rd7 Rb6 29. Re3 Re8 30. Rxe8+ Bxe8 31. Rxa7 Bf7 32. a4 h5 33. a5 Rb1+ 34. Kh2 h4 35. Nge2 Bf8 36.
g3 Bd6 37. Kg2 Bh5 38. gxh4 gxh4 39. a6 Ra1 40. Ra8+ Kh7 41. Ra7+ Kh6 42. Ra8 Ra2 43.
a7 Bxe2 44. Rh8+ Kg7 45. a8=Q Rxa8 46. Rxa8 Bg4 47. Ne6+ Kh7 48. Nd4 h3+ 49. Kg1 Bf4 50. Rd8 Bd2 51. Rxd5 Bxc3 52. Kh2 Bd2 53. Ne6 Be3 54.
Rd7+ Kh6 55. Rd5 Ba7 56. Nd4 Bb8+ 57. Kg1 h2+ 58. Kh1 Kg5 59. Rb5 Be5 60. Ne2 Bf3# 0-1

[Event "Late-Titled-Tuesday-Blitz-April-16-2024"]
[Site "Chess.com"]
[Date "2024.04.16"]
[Round "7"]
[White "JoakimVonAnd"]
[Black "rdarruda"]
[Result "1-0"]
[WhiteElo "2690"]
[BlackElo "2545"]
[TimeControl "180+1"]
[EndTime "15:15:10 PDT"]
[Termination "JoakimVonAnd won on time"]

1. d4 Nf6 2. Nf3 e6 3. e3 d5 4.
b3 c5 5. Bb2 Nc6 6. Nbd2 Bd6 7.
a3 O-O 8. Bd3 b6 9. O-O Bb7 10.
Ne5 Qc7 11. f4 g6 12. Nxc6 Bxc6 13. dxc5 Be7 14. cxb6 axb6 15. Nf3 Ne4 16. Ne5 f6 17. Nxc6 Qxc6 18. b4 Nc3 19. Qd2 Rfc8 20. h4 e5 21.
fxe5 fxe5 22. h5 Bg5 23. hxg6 hxg6 24. Qf2 e4 25. b5 Qe6 26. Qg3 Bh6 27. Qh4 Bxe3+ 28.
Kh1 exd3 29. Rae1 d4 30. Bxc3 Rxc3 31. Rf3 d2 32. Ref1 Kg7 33. Rh3 Qxh3+ 34. gxh3 Rh8 35. Qe7+ Kh6 36. Qh4+ Kg7 37. Qf6+ Kh6 38. Qxh8+ Kg5 39.
Qf6+ Kh6 40. Qh4+ Kg7 41. Qe7+ Kh6 42. Kg2 Rxc2 43. Qh4+ Kg7 44. Kf3 Rc1 45. Qe7+ Kh6 46. Qf8+ Kh7 47. Ke2 Rxf1 48. Qxf1 1-0

[Event "Late-Titled-Tuesday-Blitz-April-16-2024"]
[Site "Chess.com"]
[Date "2024.04.16"]
[Round "7"]
[White "Oleksandr_Bortnyk"]
[Black "Gabrielian_Artur"]
[Result "1-0"]
[WhiteElo "3052"]
[BlackElo "2792"]
[TimeControl "180+1"]
[EndTime "15:15:11 PDT"]
[Termination "Oleksandr_Bortnyk won on time"]

1. e4 c5 2. c3 Nf6 3. e5 Nd5 4. Nf3 d6 5. Bb5+ Bd7 6. Bc4 e6 7. O-O Nc6 8. d4 cxd4 9. cxd4 Nb6 10. Bb3 dxe5 11. dxe5 Be7 12. Nc3 Nb4 13. Qe2 N4d5 14.
Ne4 O-O 15. Rd1 a6 16. a4 Rc8 17. Bd2 Qe8 18. Bg5 h6 19. Bxe7 Qxe7 20. Nd6 Rc7 21.
a5 Nc8 22. Bxd5 exd5 23. Nxc8 Rfxc8 24. Nd4 Rc4 25. b3 Rc3 26. f4 Qh4 27. Qf2 Qh5 28. f5 Qg5 29. e6 Be8 30. h4 Qf6 31. Re1 Rd3 32. Rad1 Rxd1 33. Rxd1 fxe6 34. fxe6 Qxf2+ 35. Kxf2 Kf8 36. Nf5 Rc2+ 37. Kg3 g6 38. Nd4 Rc3+ 39. Kf4 Ke7 40. Ke5 Rg3 41. Rc1 Bc6 42. Nxc6+ bxc6 43. Rxc6 Re3+ 44. Kxd5 Rxb3 45. Rc7+ Ke8 46. Ra7 Rb5+ 47. Kd6 Kf8 48. Ra8+ 1-0

[Event "Late-Titled-Tuesday-Blitz-April-16-2024"]
[Site "Chess.com"]
[Date "2024.04.16"]
[Round "7"]
[White "The_Straightforward_Rook"]
[Black "EddieMarsalla"]
[Result "0-1"]
[WhiteElo "2435"]
[BlackElo "2581"]
[TimeControl "180+1"]
[EndTime "15:15:12 PDT"]
[Termination "EddieMarsalla won by resignation"]

1. e4 d5 2. exd5 Qxd5 3. Nc3 Qe5+ 4. Qe2 Qxe2+ 5. Bxe2 c6 6. Nf3 Nf6 7. O-O Bf5 8. d3 h6 9. Re1 e6 10. h3 Nbd7 11. a3 Be7 12. Bf4 O-O 13. Ne5 Rfe8 14. Bf3 Rad8 15. g4 Bh7 16. Nc4 Nf8 17. Bc7 Rd7 18.
Bg3 Nd5 19. Ne5 Rdd8 20. Nxd5 cxd5 21. c4 f6 22. cxd5 fxe5 23. dxe6 Rxd3 24. Bxb7 Rb8 25. Ba6 Rd2 26. Bxe5 Rb3 27. Bc3 Rd8 28. f4 Bd3 29.
Bxd3 Rxd3 30. Rad1 Rxh3 31. Kg2 Rh4 32. Kg3 h5 33. g5 Rg4+ 34. Kf3 Ng6 35. Re4 Nh4+ 36.
Ke3 Bc5+ 37. Kd3 Rb8 38. Kc4 Be7 39. Rd7 Re8 40. Rxa7 Nf5 41. b4 h4 42. b5 Nd6+ 43.
Kd5 Nxe4 44. Kxe4 h3 45. Rd7 h2 46. Rd1 Bxg5 47. Rh1 Rxf4+ 48. Ke5 Rc4 49. Bb4 Bf6+ 50. Kf5 Rh4 51. Bd6 Rh5+ 52. Kg4 Rxb5 53. Rxh2 Rxe6 54. Bf4 Ra5 55. Rd2 Kf7 56. Rd7+ Kg6 57. Rd3 Ra4 58. Rg3 Ree4 59. Kf3+ Kf5 60. Be3 Rxe3+ 61.
Kxe3 Rxa3+ 62. Kf2 Bh4 0-1

[Event "Late-Titled-Tuesday-Blitz-April-16-2024"]
[Site "Chess.com"]
[Date "2024.04.16"]
[Round "7"]
[White "ameetghasi100"]
[Black "Shankland"]
[Result "0-1"]
[WhiteElo "2795"]
[BlackElo "2896"]
[TimeControl "180+1"]
[EndTime "15:15:13 PDT"]
[Termination "Shankland won on time"]

1. Nf3 d5 2. b3 c6 3. Bb2 Bg4 4.
e3 Nd7 5. c4 Ngf6 6. Nc3 e6 7.
h3 Bh5 8. Be2 Bd6 9. O-O O-O 10.
cxd5 exd5 11. Nd4 Bxe2 12. Qxe2 Re8 13. d3 Bf8 14. a3 c5 15. Nf3 d4 16. Nd1 Nd5 17.
e4 Nf4 18. Qc2 Qf6 19. Ne1 Qg6 20. Kh1 Qh5 21. Bc1 Nxh3 22. gxh3 Qxh3+ 23. Kg1 Qg4+ 24. Ng2 Ne5 25. f4 Nf3+ 26. Rxf3 Qxf3 27. Nf2 f5 28. e5 Re6 29. Qd1 Qd5 30. Nh4 Be7 31. Nxf5 Rg6+ 32.
Kf1 Bd8 33. Ne4 Qe6 34. Qh5 Qxb3 35. Qf3 Qe6 36. Nfg3 Bh4 37. f5 Rf8 38. fxe6 Rxf3+ 39. Ke2 Rfxg3 40. Nxg3 Bxg3 41. e7 Re6 42. Rb1 Rxe7 43. Bg5 Rxe5+ 44. Kf3 Rxg5 45. Rxb7 h5 46. Rxa7 h4 47.
a4 h3 48. Ra8+ Kh7 49. Rb8 Bxb8 0-1

[Event "Late-Titled-Tuesday-Blitz-April-16-2024"]
[Site "Chess.com"]
[Date "2024.04.16"]
[Round "7"]
[White "XiaoKangZhong"]
[Black "cedchass2006"]
[Result "0-1"]
[WhiteElo "2529"]
[BlackElo "2417"]
[TimeControl "180+1"]
[EndTime "15:15:14 PDT"]
[Termination "cedchass2006 won by checkmate"]

1. e4 e5 2. Nf3 Nf6 3. d4 Nxe4 4. Bd3 d5 5. Nxe5 Bd6 6. Qf3 O-O 7. O-O Nd7 8. Bxe4 dxe4 9. Qxe4 Nxe5 10. dxe5 Re8 11. f4 Bc5+ 12. Kh1 g6 13. Nc3 Bf5 14. Qe2 Bd4 15.
Rd1 c5 16. Nb5 Qh4 17. Be3 Bg4 18. Qe1 Qh5 19. Rxd4 cxd4 20. Bxd4 Rad8 21. Qf2 a6 22.
Nd6 Re6 23. Nxb7 Rc8 24. Nc5 Rec6 25. c3 Bf5 26. Nb7 Be4 27. Nd6 Rxd6 28. exd6 Re8 29. Be5 Qf5 30. Qd2 f6 31. Bd4 Rd8 32. Be3 Qg4 33. Rg1 Qe6 34. Bc5 Qxa2 35. Qd4 Qe6 36. Qe3 Rxd6 37. Re1 Rd5 38. Qxe4 Qxe4 39. Rxe4 Rxc5 40.
Re6 Rb5 41. b4 a5 42. Re4 f5 43. Rd4 axb4 44. cxb4 Rb8 45. Kg1 Rc8 46. Kf2 Rc2+ 47. Kf3 Rb2 48. Rc4 Rb3+ 49. Kf2 Kg7 50. Rc7+ Kh6 51.
Rb7 Rb2+ 52. Kg3 Rb3+ 53. Kh4 Rb2 54. Kh3 Rb3+ 55. g3 Rb2 56. Kh4 Rxh2# 0-1

[Event "Late-Titled-Tuesday-Blitz-April-16-2024"]
[Site "Chess.com"]
[Date "2024.04.16"]
[Round "7"]
[White "AlexPapasimakopoulos"]
[Black "KaydenTroffChess"]
[Result "0-1"]
[WhiteElo "2640"]
[BlackElo "2864"]
[TimeControl "180+1"]
[EndTime "15:15:15 PDT"]
[Termination "KaydenTroffChess won by resignation"]

1. d4 Nf6 2. c4 g6 3. Nc3 d5 4.
Nf3 Bg7 5. Bg5 Ne4 6. Bf4 Nxc3 7. bxc3 c5 8. e3 Nc6 9. cxd5 Qxd5 10. Be2 O-O 11.
O-O Qf5 12. Bg3 Rd8 13. Qb3 b6 14. Rfd1 Be6 15. Qa4 Na5 16. Rac1 Bd5 17. Bc7 Rdc8 18. Be5 Bxe5 19. Nxe5 Rd8 20. Bg4 Qg5 21. Bf3 Bxf3 22.
Nxf3 Qd5 23. h3 Qc4 24. Qc2 Rac8 25. Ne5 Qe6 26. Qe2 f6 27. Nf3 Qc4 28. Kf1 cxd4 29.
Qxc4+ Rxc4 30. cxd4 Rdc8 31. Rxc4 Rxc4 32. Ke2 Ra4 33. Rd2 Nc6 34. Rb2 Nb4 35. a3 Nc6 36.
Ra2 Na5 37. Nd2 b5 38. Rb2 a6 39. Nb1 Kf7 40. Kd3 Nc4 41. Rb4 Ra5 42. Rb3 e5 43.
dxe5 Nxe5+ 44. Kd4 Ra4+ 45. Kc5 Rc4+ 46. Kb6 Rc6+ 47. Kb7 Rd6 48. Nc3 Nc4 49. Ne4 Re6 50. Nc5 Na5+ 51. Ka7 Nxb3 52. Nxb3 Rc6 53. Nd4 Rc3 54.
Kxa6 Rxa3+ 55. Kxb5 Ra2 56. f4 Rxg2 57. Kc4 Rg3 58.
Kd3 Rxh3 59. Ke4 f5+ 60. Kd3 Rg3 61. Ne2 Rg2 62. Nd4 Rf2 63. Nf3 Rxf3 0-1

[Event "Late-Titled-Tuesday-Blitz-April-16-2024"]
[Site "Chess.com"]
[Date "2024.04.16"]
[Round "7"]
[White "LiemLe"]
[Black "Hikaru"]
[Result "0-1"]
[WhiteElo "3058"]
[BlackElo "3285"]
[TimeControl "180+1"]
[EndTime "15:15:17 PDT"]
[Termination "Hikaru won on time"]

1. d4 d5 2. c4 c6 3. cxd5 cxd5 4. Nc3 Nf6 5. Bf4 a6 6. e3 Nc6 7. Rc1 Bf5 8. Nf3 e6 9. Qb3 Nh5 10. Be5 f6 11. Bg3 Qd7 12. Be2 Bg6 13. O-O Nxg3 14. hxg3 Na5 15. Qb6 Nc6 16. Na4 Bd6 17. Nc5 Bxc5 18.
Rxc5 O-O 19. Rfc1 Rfb8 20. Ne1 Qd8 21. Qb3 Qe7 22. g4 Bf7 23. Nd3 e5 24. dxe5 fxe5 25. Nb4 Nxb4 26. Qxb4 Rf8 27. Qb6 Qe6 28. Qxb7 Rfb8 29.
Qc7 Rxb2 30. Bd1 Qf6 31. R1c2 Rb1 32. Rc1 Rxc1 33. Rxc1 Rf8 34. Rc6 Qg5 35. Bb3 Qxg4 36. Qxe5 a5 37. Rc5 a4 38. Bxd5 h6 39. Bf3 Qd7 40.
a3 Qd3 41. Rc3 Qb1+ 42. Kh2 Qb2 43. Qd4 Qxf2 44. Qxa4 Bg6 45. Qg4 Kh7 46. Qg3 Qd2 47.
Rc6 Bb1 48. Rc7 Qb2 49. a4 Bg6 50. Rb7 Qc3 51. Bd5 Rf5 52. Be6 Rg5 53. Qf4 Qc2 54.
Bh3 Be4 55. Rb8 Rxg2+ 0-1

[Event "Late-Titled-Tuesday-Blitz-April-16-2024"]
[Site "Chess.com"]
[Date "2024.04.16"]
[Round "7"]
[White "wild3000"]
[Black "volcanoexplorer"]
[Result "0-1"]
[WhiteElo "2500"]
[BlackElo "2641"]
[TimeControl "180+1"]
[EndTime "15:15:17 PDT"]
[Termination "volcanoexplorer won on time"]

1. e4 e5 2. Nc3 Nf6 3. g3 d5 4. exd5 Nxd5 5. Bg2 Nf6 6. Nf3 Nc6 7.
O-O Bd6 8. Re1 O-O 9. d3 Bg4 10. h3 Bh5 11. g4 Bg6 12. Nh4 Qd7 13. Bg5 Ne8 14. Nxg6 hxg6 15. Ne4 f6 16. Nxd6 Nxd6 17. Be3 Ne7 18. d4 e4 19. c4 f5 20. c5 Nf7 21. Qb3 c6 22. Bf4 Nd5 23. Be5 Nxe5 24.
dxe5 Qe6 25. Qxb7 Rfb8 26. Qa6 Nb4 27. Qe2 Nd3 28. Red1 Rxb2 29. Rd2 Rxd2 30. Qxd2 Qxe5 31. Rb1 Qxc5 32. Bf1 Ne5 33. Be2 fxg4 34. hxg4 Rf8 35. Qe3 Qxe3 36. fxe3 Nf3+ 37. Kg2 a5 38. Bc4+ Rf7 39.
Rb8+ Kh7 40. Bxf7 Ne5 41. Be6 c5 42. Rb5 Nd3 43. Rxa5 g5 44. Bf5+ g6 45. Ra7+ Kh6 46. Bxe4 Ne5 47. Kg3 c4 48. Rc7 c3 49. Rxc3 Nf7 50.
Bd5 Ne5 51. a4 Nd7 52. a5 Nb8 53. e4 Na6 54. Rc6 Nb8 55. a6 Nd7 56. a7 Nf8 57.
a8=Q Kh7 58. Qa7+ Kh6 59. Rc7 Nd7 0-1

[Event "Late-Titled-Tuesday-Blitz-April-16-2024"]
[Site "Chess.com"]
[Date "2024.04.16"]
[Round "7"]
[White "ExchangeAB"]
[Black "MathiasWomacka"]
[Result "0-1"]
[WhiteElo "2386"]
[BlackElo "2509"]
[TimeControl "180+1"]
[EndTime "15:15:17 PDT"]
[Termination "MathiasWomacka won on time"]

1. d4 Nf6 2. Nf3 e6 3. e3 c5 4.
Nbd2 Nc6 5. c3 d5 6. Bd3 Bd6 7.
dxc5 Bxc5 8. O-O O-O 9. b4 Bd6 10. Bb2 a5 11. b5 Ne5 12. Nxe5 Bxe5 13. Nf3 Bd6 14. c4 Bd7 15. Rc1 Qe7 16. a4 Ba3 17. Qb3 Bxb2 18. Qxb2 Rfc8 19. Qd4 Be8 20. c5 Nd7 21. c6 bxc6 22. bxc6 Nb8 23. c7 Nc6 24. Qc3 Rxc7 25. Nd4 Rac8 26. Nb5 Rb7 27. Qd2 Rbb8 28.
Bb1 Nb4 29. h3 g6 30. Qd4 e5 31. Rxc8 Rxc8 32. Qb6 Qd8 33. Qa7 Rb8 34. Rc1 Bxb5 35.
axb5 Rxb5 36. Rc7 Nc6 37. Rxc6 Rxb1+ 38. Kh2 Rb8 39. Rc7 Ra8 40. Qb7 Qb8 41. Qxd5 Qxc7 42. Qxa8+ Kg7 43. e4 Qc5 44. Kg3 Qc3+ 45. f3 Qb4 46. h4 a4 47. h5 a3 48. h6+ Kxh6 49. Kg4 Kg7 50. g3 h5+ 51. Kh3 Qb2 52. f4 a2 0-1

[Event "Late-Titled-Tuesday-Blitz-April-16-2024"]
[Site "Chess.com"]
[Date "2024.04.16"]
[Round "7"]
[White "Guriempire"]
[Black "DrVelja"]
[Result "1-0"]
[WhiteElo "2839"]
[BlackElo "3007"]
[TimeControl "180+1"]
[EndTime "15:15:18 PDT"]
[Termination "Guriempire won on time"]

1. e4 c5 2. Nf3 Nc6 3. Bb5 e6 4.
Bxc6 bxc6 5. b3 f6 6. O-O e5 7. Nh4 d5 8. Qh5+ Kd7 9. Nc3 Ne7 10. Ba3 Kc7 11. Bxc5 g5 12. Nf3 Ng6 13. Bxf8 Qxf8 14. g3 d4 15. Na4 Be6 16. c3 d3 17. Ne1 Rd8 18. Qf3 Qd6 19. Qe3 Kb8 20. Nc5 Bh3 21.
Nexd3 Bxf1 22. Rxf1 Ka8 23. Rd1 h5 24. Nb2 h4 25. Nc4 Qe7 26. b4 hxg3 27. fxg3 Nf4 28.
gxf4 gxf4 29. Qf2 Rdg8+ 30. Kh1 Rg3 31. Rg1 Rgh3 32. Rg2 Qh7 33. Qg1 f3 34. Rf2 Rg8 35. Qf1 Rh8 36. Qg1 Rg8 37. Qf1 Qh4 38. Ne3 Rh8 39.
Qg1 Qh5 40. Nd7 Qf7 41. Nc5 Rg8 42. Qf1 Rgh8 43. d4 Qh7 44. Qg1 Rg8 45. Qf1 Rh8 46. Qg1 exd4 47. cxd4 Rg8 48. Qf1 Rh8 49. Ng4 Qh4 50. Qa6 1-0

[Event "Late-Titled-Tuesday-Blitz-April-16-2024"]
[Site "Chess.com"]
[Date "2024.04.16"]
[Round "7"]
[White "ansko1999"]
[Black "Abund"]
[Result "0-1"]
[WhiteElo "2579"]
[BlackElo "2793"]
[TimeControl "180+1"]
[EndTime "15:15:18 PDT"]
[Termination "Abund won by checkmate"]

1. Nf3 Nf6 2. b3 d5 3. Bb2 Bf5 4. g3 e6 5. Bg2 Be7 6. O-O h6 7.
c4 c6 8. d3 O-O 9. Nbd2 Nbd7 10. Re1 Bh7 11. Bc3 a5 12. Rb1 Bb4 13. Qc2 Qe7 14. Ne5 Nxe5 15. Bxe5 Rfd8 16. Red1 d4 17. Nf3 Bc5 18. Bf4 Nd7 19. Ne5 Nf8 20. Nf3 Nd7 21.
Ne5 Nf8 22. Nf3 f6 23. Bc1 e5 24. Nd2 Ne6 25. Ne4 Bb4 26. Nd2 f5 27. Nf1 Kh8 28. Qb2 e4 29. a3 Bc3 30. Qc2 Nc5 31. b4 axb4 32. axb4 Na6 33. b5 Nb4 34. Qb3 c5 35. Bd2 Na2 36. b6 Ra6 37. Ra1 Bxa1 38. Rxa1 Rda8 39.
Bf4 Nc3 40. Rxa6 Rxa6 41. Bc7 Nxe2+ 42. Kh1 Nc3 43. Qc2 Ra2 44. Qc1 Rxf2 45. Kg1 Ne2+ 46.
Kxf2 Nxc1 47. Nd2 Nxd3+ 48. Ke2 Nb4 49. Nb3 Bg8 50. Na5 d3+ 51. Kf2 e3+ 52. Kf1 e2+ 53.
Kg1 e1=Q+ 54. Bf1 Q7e2 55. Nxb7 Q1xf1# 0-1

[Event "Late-Titled-Tuesday-Blitz-April-16-2024"]
[Site "Chess.com"]
[Date "2024.04.16"]
[Round "7"]
[White "Kildepiotr"]
[Black "IPAchess"]
[Result "1-0"]
[WhiteElo "2702"]
[BlackElo "2385"]
[TimeControl "180+1"]
[EndTime "15:15:18 PDT"]
[Termination "Kildepiotr won by checkmate"]

1. Nf3 d5 2. g3 Nf6 3. Bg2 e6 4. O-O Be7 5. d3 c5 6. Nbd2 O-O 7. e4 Nc6 8. Re1 b5 9. e5 Nd7 10. Nf1 Bb7 11. h4 Qc7 12. Bf4 Rfc8 13. Ne3 Qd8 14. h5 Nd4 15. h6 g6 16. Ng4 a5 17. c3 Nxf3+ 18. Bxf3 Ra7 19. Qd2 g5 20. Be3 d4 21.
Bxb7 dxe3 22. Rxe3 Rxb7 23. Rf3 Qf8 24. Kg2 Kh8 25. Rh1 Qg8 26. c4 b4 27. b3 Qg6 28.
d4 cxd4 29. Qxd4 Nf8 30. Nf6 Rd8 31. Qg4 Rd3 32. Rh5 Bxf6 33. Rxf6 Qg8 34. Rxg5 Ng6 35. Qe4 Rbd7 36. c5 R3d4 37. Qe3 Qf8 38. c6 Rd8 39. c7 R8d7 40. Rh5 R4d5 41. Qb6 Qc8 42. f4 Qxc7 43. Qe3 Rd3 44. Qe4 Rd2+ 45. Kh3 R2d5 46. f5 exf5 47. Rhxf5 Rxe5 48. Rxe5 Qxe5 49. Qa8+ Rd8 50.
Qxd8+ Nf8 51. Qxf8# 1-0

[Event "Late-Titled-Tuesday-Blitz-April-16-2024"]
[Site "Chess.com"]
[Date "2024.04.16"]
[Round "7"]
[White "BeanScreen"]
[Black "Harsha_Bharathakoti"]
[Result "1-0"]
[WhiteElo "2675"]
[BlackElo "2896"]
[TimeControl "180+1"]
[EndTime "15:15:19 PDT"]
[Termination "BeanScreen won by resignation"]

1. e4 e6 2. d4 d5 3. Nc3 Bb4 4. exd5 exd5 5. Bd3 Nc6 6. Nf3 Bg4 7. a3 Bxc3+ 8. bxc3 Nge7 9. O-O Qd7 10. h3 Bf5 11. Re1 O-O 12. Rb1 Bxd3 13. cxd3 b6 14. Ne5 Nxe5 15.
dxe5 Rae8 16. d4 Qf5 17. Rb2 Nc6 18. Rbe2 Na5 19. Re3 Nc4 20. Rf3 Qd7 21. Rg3 Re6 22.
Qg4 g6 23. Bh6 f5 24. Qf4 Rfe8 25. Qxf5 Nxa3 26. h4 Qf7 27. Qg4 Nc4 28. h5 a5 29.
Rf3 Qe7 30. Bg5 Qg7 31. Bf6 Qh6 32. hxg6 Qxg6 33. Qh4 Kf7 34. Rg3 Qf5 35. Rg5 Qxf6 36. exf6 Rxe1+ 37. Kh2 Ke6 38. Qh3+ Kd6 39. Qf5 c6 40.
Qf4+ Ke6 41. Rg7 Nd6 42. f7 Rf8 43. Qg4+ Ke7 44. Qg5+ Ke6 45. f4 Rxf7 46. Qg4+ Ke7 47. Qh4+ Kd7 48. Rxf7+ Nxf7 49. Qxe1 a4 50. Qb1 b5 51.
Qxh7 Ke6 52. f5+ Ke7 53. Qg6 a3 54. Qxc6 Nd6 55. f6+ Ke6 56. f7 a2 57. f8=Q 1-0

[Event "Late-Titled-Tuesday-Blitz-April-16-2024"]
[Site "Chess.com"]
[Date "2024.04.16"]
[Round "7"]
[White "Hasangatin_Ramil"]
[Black "stollenmonster"]
[Result "0-1"]
[WhiteElo "2643"]
[BlackElo "2887"]
[TimeControl "180+1"]
[EndTime "15:15:19 PDT"]
[Termination "stollenmonster won on time"]

1. e4 c5 2. Nf3 Nf6 3. e5 Nd5 4. d4 cxd4 5. Qxd4 e6 6. c4 Nc6 7.
Qe4 f5 8. exf6 Nxf6 9. Qc2 d5 10.
Be2 Bd6 11. O-O O-O 12. Bg5 d4 13. Nbd2 e5 14. a3 a5 15. Bd3 h6 16. Bh4 Be7 17. Rfe1 Nh5 18. Bg3 Nxg3 19. hxg3 Bf6 20. Ne4 Bg4 21.
Nh2 Be6 22. Rab1 a4 23. Qe2 Qe7 24. g4 Rae8 25. Nf1 Bg5 26. Nfg3 Bf4 27. Nh5 Qh4 28. Nxf4 exf4 29. f3 Ne5 30. Rbd1 Bxg4 31. Qf2 Qh5 32. Be2 Bf5 33. Rxd4 Nc6 34. Rd6 Bxe4 35. fxe4 Qg5 36. Bf3 Ne5 37. Rd5 h5 38. Red1 h4 39. Kf1 Qf6 40. c5 g5 41. Qd4 g4 42. Be2 f3 43.
gxf3 gxf3 44. Bc4 Kh8 45. Kf2 Ng4+ 46. Kf1 Ne5 47. Qf2 Rg8 48. Be2 fxe2+ 49. Kxe2 Qh6 50.
Rd6 Qh5+ 51. Ke3 Rg3+ 0-1